 Dungeon Crawl Stone Soup version 0.24.1-5-g77f818bfca (webtiles) character file.

Game seed: 4804477613389415872, levelgen mode: deterministic

221989 markt42 the Peltast (level 19, -29/106 HPs)
             Began as a Gargoyle Fighter on Apr 26, 2020.
             Was the Champion of Okawaru.
             Annihilated by a stone giant (54 damage)
             ... summoned by a boggart
             ... on level 2 of the Vaults.
             The game lasted 01:04:42 (42862 turns).

markt42 the Peltast (Gargoyle Fighter)             Turns: 42862, Time: 01:04:43

Health: -29/106    AC: 15    Str: 40    XL:     19   Next: 22%
Magic:  20/20      EV: 13    Int:  5    God:    Okawaru [******]
Gold:   2640       SH: 41    Dex: 28    Spells: 18/18 levels left

rFire    + . .     SeeInvis .   Q - +10 flail "Vuqiezabro" {freeze, +Rage rN+++ Str+4 Int-3}
rCold    + + .     Gourm    .   D - +8 large shield
rNeg     + + +     Faith    .   H - +2 chain mail of the Burgomaster {rElec rPois Dex+7}
rPois    ∞         Spirit   .   (helmet restricted)
rElec    +         Reflect  +   L - scarf {rC+ rF+}
rCorr    .         Harm     .   F - +0 pair of gloves {Dex+3}
MR       ++...     Rnd*Tele +   e - +2 pair of boots {run}
Stlth    ..........             r - +6 amulet of reflection
HPRegen  0.27/turn              W - ring of Peace {*Tele Str+7}
MPRegen  0.17/turn              G - ring "Baruymus" {*Drain MR+ Dex+9}

@: corroded, flying, studying Polearms, quick
A: antennae 1, big wings, blurry vision 1, cold resistance 1, frail 1, negative
energy resistance 1, electricity resistance, unbreathing, petrification
resistance, rot immunity, AC +14
}: 1/15 runes: barnacled
a: Stop Flying, Heroism, Finesse, Renounce Religion, Evoke Berserk Rage


You were on level 2 of the Vaults.
You worshipped Okawaru.
Okawaru was exalted by your worship.
You were very hungry.

You visited 6 branches of the dungeon, and saw 30 of its levels.
You also visited: Sewer and Volcano.

You collected 4411 gold pieces.
You spent 1771 gold pieces at shops.

Inventory:

Hand Weapons
 Q - the +10 flail "Vuqiezabro" (weapon) {freeze, +Rage rN+++ Str+4 Int-3}
   (Okawaru gifted it to you on level 1 of the Vaults)

   It has been specially enchanted to freeze those struck by it, causing extra
   injury to most foes and up to half again as much damage against particularly
   susceptible opponents.
   It can also slow down cold-blooded creatures.
   It affects your strength (+4).
   It affects your intelligence (-3).
   It renders you almost immune to negative energy.
   It lets you go berserk.
 S - the +11 war axe of Guololu {venom, rC++ rN+ Int+2}
   (You bought it in a shop on level 11 of the Dungeon)

   It poisons the flesh of those it strikes.
   It affects your intelligence (+2).
   It greatly protects you from cold.
   It protects you from negative energy.
Armour
 e - a +2 pair of boots of running (worn)
 g - a +1 hat
 l - a +1 crystal plate armour
 m - a +0 helmet
 D - a +8 large shield (worn)
 F - a +0 pair of gloves of dexterity (worn)
 H - the +2 chain mail of the Burgomaster (worn) {rElec rPois Dex+7}
   (You found it on level 9 of the Dungeon)

   It affects your dexterity (+7).
   It insulates you from electricity.
   It protects you from poison.
 L - a scarf of resistance (worn)
Jewellery
 r - a +6 amulet of reflection (around neck)
 A - an uncursed amulet of guardian spirit
 E - an uncursed ring of positive energy
 G - the ring "Baruymus" (right hand) {*Drain MR+ Dex+9}
   (You took it off a tengu conjurer on level 13 of the Dungeon)

   [ring of protection from magic]

   It affects your dexterity (+9).
   It affects your resistance to hostile enchantments.
   It causes draining when unequipped.
 K - an uncursed ring of see invisible
 R - an uncursed ring of protection from fire
 W - the ring of Peace (left hand) {*Tele Str+7}
   (You found it on level 4 of the Shoals)

   [ring of teleportation]

   It may teleport you next to monsters.
   It affects your strength (+7).
 Y - the amulet of Vitality {Regen+ HP+15}
   (You found it on level 4 of the Shoals)

   [amulet of regeneration]

   It affects your health (+15).
   It increases your rate of regeneration.
Wands
 n - a wand of digging (4)
 p - a wand of paralysis (33)
 u - a wand of flame (44)
 z - a wand of polymorph (25)
 M - a wand of random effects (12)
 N - a wand of clouds (5)
 O - a wand of scattershot (6)
 P - a wand of enslavement (11)
 T - a wand of acid (15)
 U - a wand of iceblast (18)
Scrolls
 c - a scroll of summoning
 h - 5 scrolls of identify
 i - 11 scrolls of remove curse
 j - 2 scrolls of fog
 k - a scroll of magic mapping
 t - 10 scrolls of teleportation
 v - 5 scrolls of fear
 x - 5 scrolls of blinking
 y - 5 scrolls of enchant weapon
Potions
 b - 3 potions of magic
 o - 11 potions of flight
 q - 12 potions of curing
 w - 3 potions of agility
 C - 6 potions of brilliance
 J - 2 potions of haste
Books
 s - a manual of Polearms
Comestibles
 f - 27 rations


   Skills:
 + Level 12.7 Fighting
 + Level 14.7(17.0) Axes
 * Level 16.0(18.4) Maces & Flails
 * Level 15.0 Armour
 + Level 4.4 Dodging
 + Level 18.4 Shields
 + Level 1.3 Evocations


You had 18 spell levels left.
You didn't know any spells.
Your spell library contained the following spells:

 Spells                   Type           Power        Failure   Level  Hunger
 Animate Skeleton         Necr           N/A          97%         1    ##.....
 Apportation              Tloc           #.....       97%         1    ##.....
 Beastly Appendage        Tmut           #.....       97%         1    ##.....
 Confusing Touch          Hex            #.....       97%         1    ##.....
 Corona                   Hex            #......      97%         1    ##.....
 Freeze                   Ice            #...         97%         1    ##.....
 Magic Dart               Conj           #...         97%         1    ##.....
 Pain                     Necr           #...         97%         1    ##.....
 Sandblast                Erth           #.....       97%         1    ##.....
 Shock                    Conj/Air       #...         97%         1    ##.....
 Summon Small Mammal      Summ           #...         97%         1    ##.....
 Blink                    Tloc           N/A          99%         2    ###....
 Call Imp                 Summ           #.......     99%         2    ###....
 Passwall                 Tmut/Erth      #.......     99%         2    ###....
 Slow                     Hex            #.......     99%         2    ###....
 Sticks to Snakes         Tmut           #.......     99%         2    ###....
 Throw Frost              Conj/Ice       #.....       99%         2    ###....
 Call Canine Familiar     Summ           #.......     100%        3    ####...
 Conjure Flame            Conj/Fire      #.......     100%        3    ####...
 Inner Flame              Hex/Fire       #.......     100%        3    ####...
 Mephitic Cloud           Conj/Pois/Air  #.......     100%        3    ####...
 Ozocubu's Armour         Chrm/Ice       #.......     100%        3    ####...
 Portal Projectile        Hex/Tloc       #.....       100%        3    ####...
 Recall                   Summ/Tloc      N/A          100%        3    ####...
 Regeneration             Chrm/Necr      #.........   100%        3    ####...
 Spider Form              Tmut/Pois      #.........   100%        3    ####...
 Static Discharge         Conj/Air       #.......     100%        3    ####...
 Stone Arrow              Conj/Erth      #.....       100%        3    ####...
 Summon Guardian Golem    Hex/Summ       #.......     100%        3    ####...
 Vampiric Draining        Necr           #.........   100%        3    ####...
 Animate Dead             Necr           N/A          100%        4    #####..
 Cause Fear               Hex            #.........   100%        4    #####..
 Ice Form                 Ice/Tmut       #.......     100%        4    #####..
 Leda's Liquefaction      Hex/Erth       #.........   100%        4    #####..
 Petrify                  Tmut/Erth      #.......     100%        4    #####..
 Summon Ice Beast         Ice/Summ       #.......     100%        4    #####..
 Summon Lightning Spire   Summ/Air       #.......     100%        4    #####..
 Throw Icicle             Conj/Ice       #.......     100%        4    #####..
 Blade Hands              Tmut           #.........   100%        5    ######.
 Bolt of Magma            Conj/Fire/Erth #.........   100%        5    ######.
 Borgnjor's Vile Clutch   Necr/Erth      #.........   100%        5    ######.
 Irradiate                Conj/Tmut      #.........   100%        5    ######.
 Lee's Rapid Deconstruct  Erth           #.........   100%        5    ######.
 Lightning Bolt           Conj/Air       #.........   100%        5    ######.
 Bolt of Cold             Conj/Ice       #.........   100%        6    #######
 Bolt of Fire             Conj/Fire      #.........   100%        6    #######
 Death Channel            Necr           #.........   100%        6    #######
 Freezing Cloud           Conj/Ice/Air   #.........   100%        6    #######
 Hydra Form               Tmut           #.........   100%        6    #######
 Simulacrum               Ice/Necr       #.........   100%        6    #######
 Dragon Form              Tmut           #.........   100%        7    #######
 Orb of Destruction       Conj           #.........   100%        7    #######
 Statue Form              Tmut/Erth      Unusable     N/A         6    N/A

Dungeon Overview and Level Annotations

Branches:
Dungeon (15/15)            Temple (1/1) D:4            Lair (6/6) D:9
 Shoals (4/4) Lair:4       Spider (0/4) Lair:4        Slime (0/5) Lair:5
    Orc (2/2) D:9             Elf (0/3) Orc:2        Vaults (2/5) D:14
 Depths (0/5) D:15          Sewer (visited)         Volcano (visited)
  Crypt: Vaults:2-3

Altars:
Ashenzari
Cheibriados
Dithmenos
Elyvilon
Fedhas
Gozag
Hepliaklqana
Kikubaaqudgha
Makhleb
Nemelex Xobeh
Okawaru
Qazlal
Ru
Sif Muna
Trog
Uskayaw
Vehumet
Wu Jian
Xom
Yredelemnul
Zin
The Shining One
Beogh
Jiyva

Shops:
D:5 (}!(!   D:7 %   D:8 =   D:10 }   D:11 =((   D:15 *   Orc:2 }(((*
Shoals:1 *   Shoals:3 (

Portals:
Trove: Vaults:1 (give +6 demon blade)

Annotations:
Lair:4 exclusion: 4 oklob plants
Lair:5 1 runed translucent door


Innate Abilities, Weirdness & Mutations

You are resistant to torment.
Your stone body is resilient. (AC +14)
You are immune to poison.
Your large and strong wings let you fly indefinitely.
You resist negative energy. (rN+)
You are resistant to electric shocks. (rElec)
You can survive without breathing.
You are immune to petrification.
You are immune to rotting.
You have a pair of small antennae on your head.
Scrolls take you a little longer to read.
Your flesh is cold resistant. (rC+)
You are frail. (-10% HP)


Message History

The boggart flickers and vanishes!
You block the stone giant's attack.
You hit the stone giant but do no damage.
The stone giant is severely wounded.
You block the vault guard's attack.
You barely miss the vault guard. You block the stone giant's attack.
Unknown command.
You hit the vault guard but do no damage.
You block the vault guard's attack. You block the stone giant's attack.
You hit the vault guard. You freeze the vault guard.
The vault guard is lightly wounded.
The ironbrand convoker casts a spell at the two-headed ogre.
The two-headed ogre seems to grow stronger.
You block the vault guard's attack.
Unknown command.
Unknown command.
You closely miss the vault guard.
The vault guard is lightly wounded.
The stone giant hits you!!!
Ouch! That really hurt!
You die... .g ..... .. #... .. #... ## #p{ #Op

#p# #W# #p# #@# #C#
{pp#{ ### .#s# ..#
..#{####### ..# ..
#Z{......
..##############{s......
.........a.p...cpo......
..........g....o........


You could see a stone giant, 2 vault wardens, a vault guard, a two-headed ogre,
3 ironbrand convokers, a yaktaur, a wizard, a wraith, a jumping spider, a
redback, an orc priest and an ironheart preserver simulacrum.

Vanquished Creatures
  Bai Suzhen (Shoals:4)
  A lich (Vaults:1)
  A sphinx (Vaults:1)
  Gastronok (Orc:1)
  Kirke (Lair:6)
  Polyphemus (Shoals:4)
  An orc warlord (Orc:1)
  A vault warden (Vaults:1)
  A stone giant (Vaults:1)
  4 ironheart preservers
  Nessos (Lair:6)
  2 entropy weavers
  The ghost of shugdite the Bludgeoner, a journeyman MiMo of Okawaru (Lair:3)
  Snorg (Orc:1)
  Azrael (Orc:2)
  8 merfolk impalers
  7 merfolk javelineers
  5 yaktaur captains
  A great orb of eyes (Vaults:1)
  Josephine (Orc:1)
  Fannar (Lair:1)
  Erolcha (D:10)
  9 hydras
  5 merfolk aquamancers
  2 catoblepae
  14 two-headed ogres
  4 merfolk avatars
  2 alligator snapping turtles (Shoals:4)
  3 death knights
  A dancing weapon (Volcano)
  3 tengu warriors
  10 centaur warriors
  6 ogre magi
  8 death yaks
  A deep troll shaman (Vaults:2)
  Urug (Lair:2)
  A satyr (Shoals:2)
  4 orc high priests
  Nergalle (Lair:1)
  A skeletal warrior (Vaults:1)
  A shadow wraith (Vaults:1)
  4 deep trolls
  8 unseen horrors
  A deep elf archer (Vaults:1)
  4 ironbrand convokers (Vaults:1)
  7 wizards
  22 harpies
  11 sea snakes
  12 orc knights
  2 deep elf magi
  A faun (shapeshifter) (D:13)
  An oklob plant (Lair:2)
  4 orc sorcerers
  4 wolf spiders
  19 ugly things
  9 fauns
  12 cyclopes
  14 manticores
  A manticore (shapeshifter) (Vaults:1)
  7 elephants
  9 merfolk sirens
  5 vault sentinels (Vaults:1)
  5 centaur zombies
  4 black mambas
  7 water nymphs
  5 toenail golems (Volcano)
  Maurice (Orc:1)
  6 gargoyles
  An ice statue (D:13)
  A spiny frog (shapeshifter) (Vaults:1)
  A rime drake (Lair:3)
  13 spiny frogs
  11 komodo dragons
  12 yaktaurs
  An efreet (D:13)
  A komodo dragon (shapeshifter) (Vaults:1)
  A freezing wraith (Vaults:1)
  An ice devil (D:13)
  4 polar bears
  26 merfolk
  2 tengu conjurers
  6 trolls
  A jumping spider (Lair:4)
  5 wind drakes
  6 hornets
  A jumping spider (shapeshifter) (D:13)
  13 blink frogs
  10 slime creatures
  9 snapping turtles
  21 dream sheep
  12 hippogriffs
  3 redbacks
  A vampire (D:14)
  A tarantella (Vaults:2)
  3 wyverns
  8 water elementals
  5 wraiths
  26 yaks
  4 basilisks
  4 fire elementals (Orc:2)
  5 hogs (Lair:6)
  3 vampire mosquitoes (D:15)
  A warg (Orc:1)
  3 hungry ghosts
  4 acid dragons
  12 water moccasins
  4 hell hounds (Orc:2)
  2 soldier ants
  11 porcupines
  34 orc warriors
  14 ice beasts
  A hornet zombie (D:15)
  4 sky beasts
  A phantom (D:5)
  3 eyes of draining
  3 necrophages
  22 ogres
  12 wolves
  A boggart (Vaults:2)
  20 centaurs
  12 crocodiles
  10 big kobolds
  26 bullfrogs
  5 scorpions
  A scorpion (shapeshifter) (D:12)
  10 killer bees
  12 wights
  3 electric eels (Lair:6)
  7 howler monkeys
  6 crimson imps
  5 jellies
  3 bullfrog zombies
  4 bullfrog skeletons
  36 orc wizards
  23 orc priests
  10 hounds
  10 centaur skeletons
  6 iguanas
  15 worker ants
  A killer bee zombie (D:7)
  A hound zombie (D:8)
  A hound skeleton (D:7)
  A howler monkey skeleton (D:7)
  22 adders
  4 shadow imps
  2 white imps (D:13)
  An ooze (D:3)
  2 worms (D:2)
  4 dart slugs
  10 leopard geckos
  118 orcs
  8 giant cockroaches
  9 goblins
  11 hobgoblins
  11 jackals
  40 kobolds
  9 quokkas
  4 ball pythons
  11 bats
  6 frilled lizards
  A jackal skeleton (D:7)
  A jackal zombie (D:7)
  A leopard gecko skeleton (D:5)
  2 quokka zombies
  10 rats
  3 fungi
  10 plants
1187 creatures vanquished.

Vanquished Creatures (others)
  A merfolk javelineer (Shoals:1)
  A yaktaur captain (Vaults:1)
  A satyr (Shoals:4)
  An ogre mage (D:13)
  2 unseen horrors (D:13)
  2 cyclopes
  4 yaktaurs (Vaults:1)
  A merfolk (Shoals:1)
  2 centaurs
  An orc (D:12)
  6 fungi
  8 plants
30 creatures vanquished.

Grand Total: 1217 creatures vanquished

Notes
Turn   | Place    | Note
-------+----------+-------------------------------------------
     0 | D:1      | markt42 the Gargoyle Fighter began the quest for the Orb.
     0 | D:1      | Reached XP level 1. HP: 14/14 MP: 1/1
   220 | D:1      | Reached XP level 2. HP: 16/19 MP: 2/2
  1171 | D:2      | Reached XP level 3. HP: 22/23 MP: 3/3
  1222 | D:2      | Reached XP level 4. HP: 10/28 MP: 4/4
  1562 | D:2      | Found a hazy altar of Hepliaklqana.
  1672 | D:2      | Reached skill level 4 in Shields
  2071 | D:2      | Reached XP level 5. HP: 30/33 MP: 5/5
  2229 | D:2      | Found an iron altar of Okawaru.
  2244 | D:2      | Became a worshipper of Warmaster Okawaru
  2632 | D:3      | Found a snail-covered altar of Cheibriados.
  2916 | D:3      | Found a glowing drain.
  2944 | Sewer    | Entered a sewer
  3008 | Sewer    | Noticed a big kobold
  3015 | Sewer    | Killed a big kobold
  3015 | Sewer    | Reached XP level 6. HP: 38/38 MP: 6/6
  3096 | Sewer    | Reached * piety under Okawaru
  3116 | Sewer    | Reached skill level 5 in Shields
  3230 | Sewer    | Reached skill level 5 in Maces & Flails
  3230 | Sewer    | Reached XP level 7. HP: 43/43 MP: 7/7
  4285 | D:4      | Found a staircase to the Ecumenical Temple.
  4339 | Temple   | Entered the Ecumenical Temple
  4785 | D:4      | Reached ** piety under Okawaru
  4785 | D:4      | Reached skill level 5 in Armour
  5159 | D:4      | Found a sparkling altar of Nemelex Xobeh.
  5196 | D:4      | Reached XP level 8. HP: 48/48 MP: 8/8
  5273 | D:4      | Found a roughly hewn altar of Beogh.
  5285 | D:4      | Reached skill level 6 in Shields
  5590 | D:5      | Entered Level 5 of the Dungeon
  5982 | D:5      | Found Buuw's Distillery.
  5985 | D:5      | Bought 2 potions of heal wounds for 100 gold pieces
  5985 | D:5      | Bought a potion of heal wounds for 50 gold pieces
  5985 | D:5      | Bought a potion of might for 40 gold pieces
  5985 | D:5      | Bought 2 potions of agility for 80 gold pieces
  6186 | D:5      | Found Luwk's Antique Weapon Boutique.
  6361 | D:5      | Found Aghasisia's Distillery.
  6415 | D:5      | Reached *** piety under Okawaru
  6580 | D:5      | Found Kujosoes's Gadget Emporium.
  6655 | D:5      | Found a shattered altar of Ashenzari.
  6737 | D:5      | Found a shimmering altar of Xom.
  6741 | D:5      | Found a blossoming altar of Fedhas.
  6776 | D:5      | Found Kuolon's Antique Weapon Shop.
  7171 | D:5      | Found a glowing silver altar of Zin.
  7173 | D:5      | Found a stormy altar of Qazlal.
  7173 | D:5      | Found a shimmering altar of Xom.
  7185 | D:5      | Found a burning altar of Makhleb.
  7185 | D:5      | Found an opulent altar of Gozag.
  7185 | D:5      | Found a shimmering altar of Xom.
  7439 | D:5      | Reached XP level 9. HP: 52/52 MP: 9/9
  8179 | D:6      | Reached skill level 7 in Shields
  8628 | D:7      | Found Zawuhu's Food Emporium.
  8757 | D:7      | Reached **** piety under Okawaru
  8762 | D:7      | Reached skill level 5 in Fighting
  9336 | D:7      | Found a burning altar of Makhleb.
  9337 | D:7      | Found a sacrificial altar of Ru.
  9337 | D:7      | Found a shadowy altar of Dithmenos.
  9971 | D:8      | Reached skill level 10 in Maces & Flails
  9981 | D:8      | Reached skill level 8 in Shields
  9981 | D:8      | Reached XP level 10. HP: 59/59 MP: 10/10
 10167 | D:8      | Found Fasergh's Jewellery Emporium.
 11312 | D:9      | Reached ***** piety under Okawaru
 11507 | D:9      | Got a smelly chain mail
 11508 | D:9      | Identified the +2 chain mail of the Burgomaster {rElec
                  | rPois Dex+7} (You found it on level 9 of the Dungeon)
 11678 | D:9      | Received a gift from Okawaru
 11718 | D:9      | Identified a +2 pair of boots of running (Okawaru gifted it
                  | to you on level 9 of the Dungeon)
 11742 | D:9      | Identified the Papyrus of Enchantment and Battle Magic
 11888 | D:9      | Found a staircase to the Lair.
 11921 | D:9      | Found a staircase to the Orcish Mines.
 11926 | D:9      | Reached skill level 9 in Shields
 12190 | Lair:1   | Entered Level 1 of the Lair of Beasts
 12320 | Lair:1   | Reached skill level 1 in Dodging
 12521 | Lair:1   | Noticed Fannar
 12522 | Lair:1   | Noticed Nergalle
 12557 | Lair:1   | Killed Nergalle
 12557 | Lair:1   | Reached XP level 11. HP: 62/64 MP: 9/11
 12639 | Lair:1   | Killed Fannar
 12909 | Lair:1   | Reached skill level 10 in Shields
 13323 | Lair:1   | Noticed an eight-headed hydra
 13421 | D:10     | Entered Level 10 of the Dungeon
 13489 | D:10     | Killed an unseen horror
 13928 | D:10     | Received a gift from Okawaru
 14051 | D:10     | Found Zylebueg's Gadget Shoppe.
 14087 | D:10     | Noticed Erolcha
 14136 | D:10     | Killed Erolcha
 14841 | D:11     | Noticed a manticore
 14863 | D:11     | Noticed a cyan ugly thing
 14871 | D:11     | Reached XP level 12. HP: 71/71 MP: 12/12
 14882 | D:11     | Reached skill level 11 in Shields
 15192 | D:11     | Found Dydoezag's Antique Weapon Emporium.
 15304 | D:11     | Found Weraukommo's Jewellery Shoppe.
 15456 | D:11     | Found Hodyoh's Weapon Shop.
 15461 | D:11     | Noticed a two-headed ogre
 15477 | D:11     | Killed a two-headed ogre
 15776 | D:12     | Received a gift from Okawaru
 16038 | D:12     | Noticed a two-headed ogre
 16054 | D:12     | Killed a two-headed ogre
 16054 | D:12     | Reached skill level 10 in Armour
 16303 | D:12     | Reached skill level 12 in Shields
 16449 | D:12     | Reached XP level 13. HP: 73/78 MP: 11/13
 17396 | D:13     | Identified the Compendium of Conjuration
 17432 | D:13     | Received a gift from Okawaru
 17479 | D:13     | Identified the +2 hand axe "Qattets" {chaos, rN+ SInv}
 17502 | D:13     | Reached ****** piety under Okawaru
 17798 | D:13     | Reached skill level 13 in Shields
 18158 | D:13     | Identified the ring "Baruymus" {*Drain MR+ Dex+9}
 18905 | D:13     | Received a gift from Okawaru
 18905 | D:13     | Reached skill level 15 in Maces & Flails
 19003 | D:13     | Gained mutation: Your large and strong wings let you fly
                  | indefinitely. [Gargoyle growth]
 19003 | D:13     | Reached XP level 14. HP: 53/86 MP: 12/14
 19341 | D:13     | Reached skill level 14 in Shields
 19653 | D:13     | Identified Sif Muna's Compendium of the Birds and Cold
 19772 | D:13     | Received a gift from Okawaru
 19948 | D:13     | Got a transparent mace {god gift}
 19949 | D:13     | Identified the +1 mace "Kaceoxank" {vamp, rF- MR+ Int+2}
                  | (Okawaru gifted it to you on level 13 of the Dungeon)
 21283 | Lair:2   | Found a hazy altar of Hepliaklqana.
 21289 | Lair:2   | Noticed Urug
 21343 | Lair:2   | Killed Urug
 21540 | Lair:2   | Received a gift from Okawaru
 22030 | D:11     | Bought the +11 war axe of Guololu {venom, rC++ rN+ Int+2}
                  | for 1381 gold pieces
 22037 | D:11     | Gained mutation: Your magical capacity is low. (-10% MP)
                  | [potion of mutation]
 22037 | D:11     | Gained mutation: You have sharp toenails. [potion of
                  | mutation]
 22037 | D:11     | Gained mutation: You are partially covered in thin metallic
                  | scales. (AC +2) [potion of mutation]
 22220 | Lair:3   | Found a transporter.
 22225 | Lair:3   | Noticed shugdite's ghost (journeyman MiMo)
 22274 | Lair:3   | Found a transporter.
 22303 | Lair:3   | Reached skill level 1 in Axes
 22310 | Lair:3   | Killed shugdite's ghost
 22510 | Lair:3   | Found a dark tunnel.
 22551 | Volcano  | Entered a volcano
 22587 | Volcano  | Reached skill level 15 in Shields
 22670 | Volcano  | Received a gift from Okawaru
 22938 | Lair:3   | Reached XP level 15. HP: 87/92 MP: 11/13
 24246 | Lair:4   | Reached skill level 10 in Fighting
 24260 | Lair:4   | Reached skill level 5 in Axes
 25228 | Lair:4   | Lost mutation: You are partially covered in thin metallic
                  | scales. (AC +2) [potion of mutation]
 25228 | Lair:4   | Lost mutation: Your magical capacity is low. (-10% MP)
                  | [potion of mutation]
 25228 | Lair:4   | Lost mutation: You have sharp toenails. [potion of
                  | mutation]
 25228 | Lair:4   | Gained mutation: You are frail. (-10% HP) [potion of
                  | mutation]
 25228 | Lair:4   | Gained mutation: You have a pair of small antennae on your
                  | head. [potion of mutation]
 25228 | Lair:4   | Gained mutation: Scrolls take you a little longer to read.
                  | [potion of mutation]
 25228 | Lair:4   | Gained mutation: Your flesh is cold resistant. (rC+)
                  | [potion of mutation]
 25334 | Lair:4   | Found a staircase to the Shoals.
 25455 | Lair:4   | Found a hole to the Spider Nest.
 26635 | Lair:5   | Found a runed translucent door.
 26635 | Lair:5   | Found a viscous altar of Jiyva.
 26635 | Lair:5   | Noticed an acid blob
 26636 | Lair:5   | Found a staircase to the Slime Pits.
 26636 | Lair:5   | Noticed an acid blob
 26638 | Lair:5   | Noticed an acid blob
 26707 | Lair:6   | Entered Level 6 of the Lair of Beasts
 26766 | Lair:6   | Received a gift from Okawaru
 26786 | Lair:6   | Noticed Kirke
 26803 | Lair:6   | Killed Kirke
 26825 | Lair:6   | Noticed Nessos
 26838 | Lair:6   | Killed Nessos
 27579 | Lair:6   | Received a gift from Okawaru
 28245 | Orc:1    | Entered Level 1 of the Orcish Mines
 28245 | Orc:1    | Noticed Maurice
 28260 | Orc:1    | Killed Maurice
 28278 | Orc:1    | Noticed an orc warlord
 28559 | Orc:1    | Killed an orc warlord
 28620 | Orc:1    | Noticed Josephine
 28632 | Orc:1    | Killed Josephine
 28981 | Orc:1    | Noticed Gastronok
 28992 | Orc:1    | Killed Gastronok
 28992 | Orc:1    | Received a gift from Okawaru
 29049 | Orc:2    | Entered Level 2 of the Orcish Mines
 29052 | Orc:2    | Noticed Azrael
 29060 | Orc:2    | Reached XP level 16. HP: 83/88 MP: 14/16
 29068 | Orc:2    | Killed Azrael
 29097 | Orc:2    | Found a staircase to the Elven Halls.
 29194 | Orc:1    | Found a roughly hewn altar of Beogh.
 29208 | Orc:1    | Noticed Snorg
 29222 | Orc:1    | Killed Snorg
 29548 | Orc:2    | Found Turojood's General Store.
 29619 | Orc:2    | Bought a scroll of enchant weapon for 120 gold pieces
 30030 | Orc:2    | Found Ycoxy's Antique Weapon Emporium.
 30030 | Orc:2    | Found Kupnogg's Gadget Boutique.
 30320 | Orc:2    | Found Juojiz's Weapon Emporium.
 30320 | Orc:2    | Found Behuw's Weapon Boutique.
 30622 | D:14     | Reached skill level 10 in Axes
 31215 | D:14     | Found a gate to the Vaults.
 31222 | D:14     | Received a gift from Okawaru
 31222 | D:14     | Reached skill level 16 in Shields
 31256 | D:14     | Found a blossoming altar of Fedhas.
 31530 | D:15     | Entered Level 15 of the Dungeon
 31788 | D:15     | Found Eduwaytata's Blood Bar.
 31955 | D:15     | Identified a scroll of acquirement
 32667 | D:15     | Found a staircase to the Depths.
 33005 | Shoals:1 | Entered Level 1 of the Shoals
 33005 | Shoals:1 | Found Cexok's Mayhem Merchandise.
 33555 | Shoals:1 | Reached XP level 17. HP: 79/93 MP: 17/17
 33629 | Shoals:1 | Received a gift from Okawaru
 34948 | Shoals:3 | Found Waqyr's Weapon Boutique.
 36135 | Shoals:4 | Entered Level 4 of the Shoals
 36135 | Shoals:4 | Noticed Polyphemus
 36145 | Shoals:4 | Received a gift from Okawaru
 36148 | Shoals:4 | Reached skill level 1 in Evocations
 36155 | Shoals:4 | Killed Polyphemus
 36816 | Shoals:4 | Received a gift from Okawaru
 36818 | Shoals:4 | Reached skill level 17 in Shields
 36825 | Shoals:4 | Reached XP level 18. HP: 56/100 MP: 19/19
 37106 | Shoals:4 | Noticed Bai Suzhen
 37124 | Shoals:4 | Killed Bai Suzhen
 37165 | Shoals:4 | Identified the ring of Fucheuv {rC+ MR+}
 37324 | Shoals:4 | Got a translucent platinum ring
 37327 | Shoals:4 | Identified the ring of Peace {*Tele Str+7} (You found it on
                  | level 4 of the Shoals)
 37491 | Shoals:4 | Found the amulet of Vitality {Regen+ HP+15}
 37498 | Shoals:4 | Received a gift from Okawaru
 39437 | Shoals:4 | Got a barnacled rune of Zot
 39740 | Vaults:1 | Entered Level 1 of the Vaults
 39924 | Vaults:1 | Received a gift from Okawaru
 39951 | Vaults:1 | Got a polished flail {god gift}
 40010 | Vaults:1 | Identified the +10 flail "Vuqiezabro" {freeze, +Rage rN+++
                  | Str+4 Int-3} (Okawaru gifted it to you on level 1 of the
                  | Vaults)
 40468 | Vaults:1 | Noticed a lich
 40507 | Vaults:1 | Killed a lich
 40596 | Vaults:1 | Reached skill level 18 in Shields
 40645 | Vaults:1 | Received a gift from Okawaru
 40758 | Vaults:1 | Reached XP level 19. HP: 47/105 MP: 20/20
 41857 | Vaults:1 | Found a portal to a secret trove of treasure.
 42117 | Vaults:2 | Received a gift from Okawaru
 42844 | Vaults:2 | Reached skill level 15 in Armour
 42862 | Vaults:2 | Annihilated by a stone giant

Levels and vault maps discovered:
D:1:      minmay_arrival_jagged, layout_basic, minmay_misc_feat_square
D:2:      layout_loops_cross, lemuel_coloured_pillars_altar,
          overflow_temple_1_default
D:3:      layout_loops_ring, cheibriados_altar_1, gup_sewer_entry_pipe,
          serial_co_window_serial, co_window_paths_a,
          co_window_of_opportunity_a, co_window_cross_1, co_window_cross_1,
          co_window_paths_a, co_window_corner_b, co_window_corner_ca,
          co_window_of_opportunity_b, co_window_corner_b, glass_columns_a,
          glass_columns_b, glass_columns_c, glass_columns_a, glass_columns_b,
          nrook_mini_backslash
D:4:      layout_loops_ring, nemelex_xobeh_ov_fountains_minmay,
          minmay_temple_entry_arrows, kennysheep_orc_chapel
D:5:      layout_basic, nicolae_overflow_hidden_temple, serial_shops, shop,
          kennysheep_mini, shop, shop, shop, first_ration, doesnt_xom_only_xom
D:6:      layout_gridville
D:7:      layout_basic, chequers_temple_overflow_statue_of_worship,
          serial_shops, nicolae_shop_waterfront
D:8:      layout_loops_ring, serial_shops, shop, grunt_pizzeria, moated_statue,
          nrook_campfire, minmay_diced_spiral
D:9:      layout_cave_pools, lair_entry_dummy, david_orc_2
D:10:     minmay_spotlight, layout_basic, serial_shops,
          nicolae_shop_window_shopping, chequers_avenue, uniq_erolcha
D:11:     layout_basic, serial_shops, shop_fountains, shop, shop_statue
D:12:     kennysheep_windowed_halls, layout_loops_ring
D:13:     minmay_the_grid_square_5x5_5x5_mashed
          [minmay_the_grid_square_5x5_detours,
          minmay_the_grid_square_5x5_almost_minimal,
          minmay_the_grid_square_5x5_meh, minmay_the_grid_square_5x5_inset,
          minmay_the_grid_square_5x5_inner_i, minmay_the_grid_square_5x5_three,
          minmay_the_grid_square_5x5_prize_pseudospiral,
          minmay_the_grid_square_5x5_spiral_small,
          minmay_the_grid_square_5x5_prize_snowflake,
          minmay_the_grid_square_5x5_minimal,
          minmay_the_grid_square_5x5_three_small,
          minmay_the_grid_square_5x5_fancy_junction,
          minmay_the_grid_square_5x5_prize_itemx,
          minmay_the_grid_square_5x5_hollow_slash,
          minmay_the_grid_square_5x5_misaligned,
          minmay_the_grid_square_5x5_one_wall,
          minmay_the_grid_square_5x5_prize_gold,
          minmay_the_grid_square_5x5_broken_cross,
          minmay_the_grid_square_5x5_prize_deathbox,
          minmay_the_grid_square_5x5_sharp_hourglass,
          minmay_the_grid_square_5x5_n, minmay_the_grid_square_5x5_inner_z,
          minmay_the_grid_square_5x5_checkered_statues,
          minmay_the_grid_square_5x5_v, minmay_the_grid_square_5x5_six_small],
          layout_loops_ring, minmay_misc_feat_pillars, ice2_lemuel
D:14:     kennysheep_ambush_hall, layout_small_grid, david_vaults_2,
          nicolae_wwwww, fedhas_bush_and_centaur_altar
D:15:     grunt_enter_depths_snipers, layout_stronghold, guppyfry_shop_blood
Temple:   minmay_temple_bridge_abc
Lair:1:   layout_small_grid, infiniplex_staircase_pool_2, grunt_megastairs_2,
          uniq_fannar, uniq_nergalle
Lair:2:   layout_regular_city, wad_woods_road_02, minivault_23,
          lemuel_oklob_altar, grunt_megastairs_5, uniq_urug
Lair:3:   layout_cave_shapes, nicolae_volcano_entry_s_turn,
          gammafunk_ghost_arena, fungi_pond_lemuel, columned_hall_lemuel
Lair:4:   layout_hall_layers, minmay_shoals_entry_hut,
          spider_nest_entry_funnel_web, hangedman_lair_generics_rect,
          minmay_lair_oklob_chamber
Lair:5:   layout_cave_pods, slime_altar_2, chequers_serial_rivers_large_b,
          minmay_holes, chequers_serial_rivers_micro_e, beast_lair_carwin_7
Lair:6:   due_jungle_book, layout_regular_city, fungi_pond_lemuel,
          infiniplex_staircase_pool, serial_bayou_shore_a, uniq_nessos,
          uniq_kirke
Shoals:1: cheibrodos_shoals_baths, layout_shoals, minmay_shop_mayhem,
          st_sunken_temple
Shoals:2: layout_shoals
Shoals:3: layout_shoals, serial_shops, shop_fountains
Shoals:4: shoals_end_simple, layout_shoals, ldierk_geyser, uniq_bai_suzhen,
          uniq_polyphemus
Orc:1:    cheibrodos_orc_bank, layout_caves, mines2_david, uniq_snorg,
          uniq_gastronok, uniq_maurice, uniq_josephine
Orc:2:    grunt_orc_tribal_feast, layout_caves, serial_shops, shop, uniq_azrael
Vaults:1: dpeg_vaults_pockets_of_resistance, hangedman_vaults_impose,
          grunt_vaults_trifunnel, vaults_room_boxed,
          nicolae_vaults_little_squares_4, ontoclasm_vaults_twist,
          hangedman_vaults_maws, layout_vaults_chaotic_city,
          nicolae_trove_entry_diagonal
Vaults:2: vaults_room_fancy_cross, hangedman_vaults_nails,
          minmay_crypt_entry_vampire_xt, v_alt_pattern_1, v_misc_9,
          nicolae_vaults_network_square, vaults_room_octagon,
          hangedman_vaults_variations, v_misc_15, v_rooms_4,
          nicolae_vaults_border_crossing, nicolae_vaults_asterisk,
          ontoclasm_vaults_fault, st_lattice, layout_vaults_omnicross,
          serial_shops, shop, uniq_xtahua

Skill      XL: |  1  2  3  4  5  6  7  8  9 10 11 12 13 14 15 16 17 18 19 |
---------------+----------------------------------------------------------+-----
Maces & Flails | 3 4 5 6 8 10 11 12 14 15 16 | 16.0
Armour         | 4 5 7 8 9 10 11 12 13 14 15 | 15.0
Shields        | 4 5 6 8 9 10 12 13 15 16 17 18 | 18.4
Fighting       | 4 5 6 7 9 10 11 12 | 12.7
Dodging        | 1 2 3 4 |  4.4
Axes           | 4 8 11 13 14 | 14.7
Evocations     | 1 |  1.3

Action                   |  1- 3 |  4- 6 |  7- 9 | 10-12 | 13-15 | 16-18 | 19-21 || total
-------------------------+-------+-------+-------+-------+-------+-------+-------++-------
Melee: Flail             |   120 |   293 |   864 |  1382 |  1100 |   153 |   176 ||  4088
       War axe           |       |       |       |       |   568 |  1064 |       ||  1632
       Morningstar       |       |       |       |       |       |    18 |       ||    18
 Abil: Fly               |       |       |       |       |     1 |       |       ||     1
Evoke: Wand              |       |       |       |     3 |    12 |     2 |       ||    17
  Use: Potion            |       |     1 |     8 |    10 |     7 |     7 |     1 ||    34
       Scroll            |       |       |       |    20 |    11 |    15 |       ||    46
 Stab: Petrified         |       |       |       |       |       |     2 |       ||     2
  Eat: Chunk             |       |     8 |    20 |    16 |    30 |    32 |       ||   106
       Ration            |       |       |     2 |     2 |     3 |     1 |     2 ||    10
Armor: Scale mail        |    23 |       |       |       |       |       |       ||    23
       Plate armour      |    69 |   300 |   563 |   188 |       |       |       ||  1120
       Chain mail        |       |       |       |   374 |   703 |   368 |    59 ||  1504
       Skin              |       |       |       |     2 |       |       |       ||     2
Dodge: Dodged            |    38 |    65 |   135 |   142 |   282 |   224 |    46 ||   932
Block: Shield            |    64 |   226 |   342 |       |       |       |       ||   632
       Large shield      |       |       |   206 |  1259 |  1754 |  1638 |   345 ||  5202
       Reflection        |       |       |       |       |       |    98 |     9 ||   107
